 Dungeon Crawl Stone Soup version 0.28-a0-194-g42b4daccc1 (webtiles) character file.

Game seed: 12916826069193264576

8472 gruber the Thaumaturge (level 11, -7/82 HPs)
             Began as a Djinni Ice Elementalist on Aug 18, 2021.
             Mangled by a centaur warrior (10 damage)
             ... on level 8 of the Dungeon.
             The game lasted 00:21:14 (17003 turns).

gruber the Thaumaturge (Djinni Ice Elementalist)   Turns: 17003, Time: 00:21:15

Health: -7/82      AC: 12    Str:  7    XL:     11   Next: 56%
Gold:   495        EV: 16    Int: 21    God:
                   SH:  0    Dex: 13

rFire   + + +      SeeInvis +   a - +7 flail
rCold   . . .      Faith    .   (no shield)
rNeg    . . .      Spirit   .   E - +0 robe {rC+ rF+}
rPois   ∞          Reflect  .   g - +0 helmet
rElec   .          Harm     .   (no cloak)
rCorr   .          Rampage  .   (no gloves)
Will    +....                   (boots unavailable)
Stlth   ++........              (no amulet)
HPRegen 0.23/turn               t - ring of see invisible
MPRegen 0.00/turn               (no ring)

@: ice-armoured, freezing walls, flying
A: sickness immunity, fire resistance 2, cold vulnerability 1, float, innate
caster, hp casting, extra vitality 1
a: no special abilities


You were on level 8 of the Dungeon.
You visited 2 branches of the dungeon, and saw 10 of its levels.

You collected 495 gold pieces.

Inventory:

Hand Weapons
 a - a +7 flail (weapon)
 s - a +2 dagger of venom
Missiles
 y - 2 curare-tipped darts
 D - 12 poisoned darts (quivered)
Armour
 g - a +0 helmet (worn)
 E - a +0 robe of resistance (worn)
Magical Staves
 w - a staff of death
Jewellery
 t - a ring of see invisible (left hand)
Wands
 m - a wand of flame (12)
 u - a wand of iceblast (8)
 v - a wand of digging (11)
 G - a wand of acid (3)
Scrolls
 b - a scroll of immolation
 c - 2 scrolls of enchant armour {unknown}
 d - 2 scrolls of magic mapping {unknown}
 e - 7 scrolls of teleportation {unknown}
 h - 7 scrolls of identify {unknown}
 j - a scroll of brand weapon {unknown}
 k - a scroll of fear {unknown}
 l - a scroll of silence {unknown}
 r - 2 scrolls of torment {unknown}
 z - 2 scrolls of fog {unknown}
 B - a scroll of enchant weapon {unknown}
 C - a scroll of summoning {unknown}
 F - 2 scrolls of blinking {unknown}
Potions
 f - a potion of degeneration {unknown}
 i - 2 potions of lignification {unknown}
 n - 2 potions of heal wounds {unknown}
 o - 2 potions of magic {unknown}
 p - a potion of flight {unknown}
 q - 5 potions of curing
 x - a potion of ambrosia {unknown}
 A - a potion of cancellation {unknown}


   Skills:
 - Level 8.5 Fighting
 - Level 0.5 Throwing
 * Level 9.9 Dodging
 - Level 1.5 Stealth
 - Level 10.0 Spellcasting
 - Level 0.6 Evocations


You had 5 spell levels left.
You knew the following spells:

 Your Spells              Type           Power      Damage    Failure   Level
a - Freeze                Ice            100%       1d11      1%          1
b - Frozen Ramparts       Ice            100%       1d12      1%          3
c - Ozocubu's Armour      Ice            51%        N/A       1%          3
d - Hailstorm             Conj/Ice       51%        3d11      1%          4
e - Animate Skeleton      Necr           100%       N/A       1%          1
f - Wereblood             Tmut           51%        N/A       1%          2
g - Vampiric Draining     Necr           25%        2d9       1%          3
h - Ignite Poison         Fire/Tmut/Pois 51%        N/A       1%          3
i - Manifold Assault      Tloc           51%        N/A       3%          5
Your spell library was empty.

Dungeon Overview and Level Annotations

Branches:
Dungeon (9/15)             Temple (1/1) D:4
   Lair: D:8-11         Orc: D:9-12

Altars:
Ashenzari
Cheibriados
Dithmenos
Elyvilon
Fedhas
Gozag
Hepliaklqana
Kikubaaqudgha
Nemelex Xobeh
Okawaru
Qazlal
Ru
Sif Muna
Trog
Vehumet
Wu Jian
Xom
Yredelemnul
Zin
The Shining One

Shops:
D:1 ?   D:2 [   D:8 [

Annotations:
D:7 1 runed translucent door, tilp's ghost, novice FeWz
D:8 1 runed translucent door


Innate Abilities, Weirdness & Mutations

You are immune to sickness and miasma.
You are immune to poison.
Your flesh is very heat resistant. (rF++)
You are vulnerable to cold. (rC-)
You float through the air rather than walking.
You learn spells naturally, not from books.
Your magical power is your life essence.
You have superior vitality. (+4 HP)


Message History

The walls around you are covered in ice.
* * * LOW HITPOINT WARNING * * *
The wall freezes the centaur warrior!
The centaur warrior hits you but does no damage.
The centaur warrior closely misses you.
The wall freezes the centaur warrior.
The centaur warrior barely misses you. The centaur warrior kicks you.
* * * LOW HITPOINT WARNING * * *
Unknown command.
Unknown command.
Casting: Frozen Ramparts (safe; 1% risk of failure)
Confirm with . or Enter, or press ? or * to list all spells.
Aiming: Vampiric Draining (safe; 1% risk of failure)
Press: ? - help, Shift-Dir - straight line, f - centaur warrior
Aim: a centaur warrior, wielding a +1 rapier of speed, wearing a +0 robe and quivering arrows (lightly wounded)
You draw life force from the centaur warrior!
You feel life coursing into your body.
* * * LOW HITPOINT WARNING * * *
The wall freezes the centaur warrior.
The centaur warrior hits you but does no damage.
The centaur warrior kicks you but does no damage.
The wall freezes the centaur warrior!
The centaur warrior hits you with a +1 rapier of speed.
* * * LOW HITPOINT WARNING * * *
The centaur warrior kicks you but does no damage.
Unknown command.
Casting: Vampiric Draining (safe; 1% risk of failure)
Confirm with . or Enter, or press ? or * to list all spells.
Aiming: Vampiric Draining (safe; 1% risk of failure)
Press: ? - help, Shift-Dir - straight line, f/p - centaur warrior
Aim: a centaur warrior, wielding a +1 rapier of speed, wearing a +0 robe and quivering arrows (heavily wounded)
You draw life force from the centaur warrior!
You feel life coursing into your body.
* * * LOW HITPOINT WARNING * * *
The wall freezes the centaur warrior!
The centaur warrior hits you with a +1 rapier of speed!
* * * LOW HITPOINT WARNING * * *
The centaur warrior kicks you but does no damage.
The wall freezes the centaur warrior!
The centaur warrior hits you with a +1 rapier of speed!
You die...

.....#
#..#.#...#....
.....#
##.##.##....##.
.....#
#..#♣.♣#....##.
.....#.
##.##...##...##.
)...... #..# .).
#...... .....#
##.## ...
##...#. .....#
#..# ..♣..
#...†. .....#
##.## ##.###
..#### ###@.# .
#..## #.# #.c.##
.♣. ##... #..
#...### G.#
#######. ##.#
#...##
#.##.)#..## ##.#
..# #.#..)##..
.... # #.##..###
).... #.#....#
.....## #.#....
.......###
#.##...#


You could see a centaur warrior.

Vanquished Creatures
  A hydra (D:8)
  An ugly thing (D:8)
  A water nymph (shapeshifter) (D:8)
  Maggie (D:7)
  Prince Ribbit (D:5)
  A slime creature (D:9)
  Sigmund (D:2)
  14 yaks
  An acid dragon (D:9)
  A black bear (D:7)
  2 ice beasts
  2 necrophages (D:9)
  4 orc warriors
  4 ogres
  6 centaurs
  4 kobold brigands
  Blork the orc (D:5)
  2 bullfrogs (D:6)
  4 scorpions
  A wyvern skeleton (D:5)
  A water moccasin skeleton (D:5)
  3 wights (D:9)
  3 howler monkeys (D:8)
  8 centaur zombies
  6 hounds
  A bullfrog skeleton (D:6)
  3 gnoll shamans
  5 orc priests
  A centaur skeleton (D:6)
  A human zombie (D:9)
  Ijyb (D:5)
  3 iguanas
  A scorpion zombie (D:5)
  5 orc wizards
  A killer bee zombie (D:9)
  A mummy (D:9)
  A howler monkey skeleton (D:5)
  2 howler monkey zombies
  18 gnolls
  8 adders
  3 white imps
  An ufetubus (D:7)
  3 worms
  A dart slug (D:1)
  23 orcs
  4 ball pythons
  6 bats
  7 endoplasms
  2 giant cockroaches
  9 hobgoblins
  2 jackals (D:1)
  3 quokkas
  5 frilled lizards
  12 goblins
  17 kobolds
  4 rats
228 creatures vanquished.

Vanquished Creatures (others)
  A plant (D:8)
1 creature vanquished.

Grand Total: 229 creatures vanquished

Notes
Turn   | Place    | Note
-------+----------+-------------------------------------------
     0 | D:1      | gruber the Djinni Ice Elementalist began the quest for the
                  | Orb.
     0 | D:1      | Reached XP level 1. HP: 15/15 MP: 0/0
   196 | D:1      | Found Pityosei's Magic Scroll Shop.
   214 | D:1      | Reached XP level 2. HP: 17/21 MP: 0/0
   677 | D:1      | Reached XP level 3. HP: 15/25 MP: 0/0
   677 | D:1      | Learned a level 1 spell: Animate Skeleton
  1080 | D:1      | Reached skill level 4 in Spellcasting
  1720 | D:2      | Noticed Sigmund
  2001 | D:2      | Found Ebri's Armour Shop.
  2007 | D:2      | Reached XP level 4. HP: 28/31 MP: 0/0
  2733 | D:3      | Found a faded altar of an unknown god.
  2841 | D:3      | Reached XP level 5. HP: 35/35 MP: 0/0
  2841 | D:3      | Learned a level 2 spell: Wereblood
  3479 | D:2      | Killed Sigmund
  3480 | D:2      | Reached skill level 5 in Spellcasting
  3480 | D:2      | Reached XP level 6. HP: 32/40 MP: 0/0
  3761 | D:4      | Found a glowing silver altar of Zin.
  3906 | D:4      | Found an opulent altar of Gozag.
  4133 | D:4      | Reached skill level 6 in Spellcasting
  4163 | D:4      | Reached XP level 7. HP: 22/45 MP: 0/0
  4163 | D:4      | Learned a level 3 spell: Vampiric Draining
  4338 | D:4      | Found a staircase to the Ecumenical Temple.
  4768 | D:4      | Found a stormy altar of Qazlal.
  4769 | D:4      | Found a shadowy altar of Dithmenos.
  4836 | D:5      | Entered Level 5 of the Dungeon
  4847 | D:5      | Noticed Prince Ribbit
  4861 | D:5      | Killed Prince Ribbit
  4862 | D:5      | Reached skill level 7 in Spellcasting
  4862 | D:5      | Reached XP level 8. HP: 25/50 MP: 0/0
  5031 | D:5      | Noticed Blork the orc
  5037 | D:5      | Killed Blork the orc
  5864 | D:5      | Reached skill level 8 in Spellcasting
  6570 | D:5      | Noticed Ijyb
  6578 | D:5      | Killed Ijyb
  7033 | D:5      | Reached XP level 9. HP: 43/55 MP: 0/0
  7033 | D:5      | Learned a level 3 spell: Ignite Poison
  7324 | D:6      | Reached skill level 9 in Spellcasting
  8932 | Temple   | Entered the Ecumenical Temple
  9242 | D:7      | Found a runed translucent door.
  9244 | D:7      | Noticed tilp's ghost (novice FeWz)
  9245 | D:7      | Noticed a manticore
  9395 | D:7      | Found a shimmering altar of Xom.
  9735 | D:7      | Reached skill level 10 in Spellcasting
  9940 | D:7      | Reached skill level 1 in Fighting
 10127 | D:7      | Noticed Maggie
 10130 | D:7      | Killed Maggie
 10216 | D:7      | Reached XP level 10. HP: 65/67 MP: 0/0
 10679 | D:8      | Found a snail-covered altar of Cheibriados.
 10679 | D:8      | Found Cheibriados's Comfort Zone.
 10755 | D:8      | Reached skill level 5 in Fighting
 11361 | D:8      | Found a runed translucent door.
 11363 | D:8      | Noticed a water nymph
 11363 | D:8      | a swamp worm changed into a water nymph
 11370 | D:8      | Killed a water nymph
 11374 | D:8      | Noticed a six-headed hydra
 11614 | D:8      | Noticed a cyan ugly thing
 11686 | D:8      | Noticed a centaur warrior
 11806 | D:8      | Killed a cyan ugly thing
 12312 | D:8      | Identified the +1 robe of Joy {rN+}
 12312 | D:8      | Noticed a centaur warrior
 12649 | D:8      | Noticed a glowing orange brain
 13618 | D:9      | Found a basalt altar of Yredelemnul.
 14305 | D:9      | Reached skill level 5 in Dodging
 14588 | D:9      | Reached XP level 11. HP: 64/82 MP: 0/0
 14588 | D:9      | Learned a level 5 spell: Manifold Assault
 15912 | D:8      | Noticed an eight-headed hydra
 16887 | D:8      | Killed an eight-headed hydra
 17003 | D:8      | HP: 3/82 [centaur warrior (13)]
 17003 | D:8      | Mangled by a centaur warrior

Illustrated notes

Levels and vault maps discovered:
D:1:      giann_wishing_wells, layout_rooms, serial_shops, nicolae_shop_stone,
          minmay_surrounded
D:2:      layout_basic, serial_shops, nicolae_shop_waterfront,
          grunt_decor_fettered, uniq_sigmund
D:3:      layout_basic, dreamdust_ecumenical_altar_hidden_monk_grotto
D:4:      layout_cave_pods, mainiacjoe_overflow_boulevard,
          overflow_temple_1_default, nicolae_overflow_hidden_temple,
          minmay_temple_entry_slanted
D:5:      layout_basic, chequers_serial_rivers_micro_e, uniq_ijyb,
          uniq_blork_the_orc, uniq_prince_ribbit1
D:6:      layout_cave_pods, minmay_ogre_servants
D:7:      layout_basic, overflow_temple_1_default, ebering_ghost_inner_flame,
          uniq_maggie
D:8:      minmay_the_grid_four_pointed_star
          [minmay_the_grid_triangle_9x9_pentomino_pain,
          minmay_the_grid_triangle_9x9_dagger,
          minmay_the_grid_triangle_9x9_subtriangle,
          minmay_the_grid_triangle_9x9_shrine,
          minmay_the_grid_prize_four_corners_diamond_b], layout_basic,
          minmay_shop_chei, uniq_erica
D:9:      layout_irregular_city, lemuel_mausoleum_altar_yredelemnul
Temple:   nicolae_temple_god_jail

Skill      XL: |  1  2  3  4  5  6  7  8  9 10 11 |
---------------+----------------------------------+-----
Spellcasting   | 4 5 6 7 8 10 | 10.0
Fighting       | 4 8 |  8.5
Dodging        | 5 9 |  9.9
Throwing       | |  0.5
Stealth        | |  1.5
Evocations     | |  0.6

Action                   |  1- 3 |  4- 6 |  7- 9 | 10-12 || total
-------------------------+-------+-------+-------+-------++-------
Melee: Unarmed           |    10 |       |       |       ||    10
       Halberd           |       |    50 |       |       ||    50
       Dagger            |       |     9 |   128 |   128 ||   265
       Staff             |       |       |    51 |       ||    51
       Flail             |       |       |       |    81 ||    81
Throw: Dart              |       |       |       |     4 ||     4
 Cast: Freeze            |    48 |     2 |     1 |       ||    51
       Frozen Ramparts   |     2 |    11 |    34 |    32 ||    79
       Ozocubu's Armour  |     1 |     1 |     9 |    17 ||    28
       Hailstorm         |       |     2 |    17 |     8 ||    27
       Wereblood         |       |       |     2 |       ||     2
       Vampiric Draining |       |       |    29 |    50 ||    79
       Ignite Poison     |       |       |     2 |     1 ||     3
       Animate Skeleton  |       |       |       |     1 ||     1
       Manifold Assault  |       |       |       |    14 ||    14
Evoke: Wand              |       |       |     1 |     1 ||     2
 Stab: Sleeping          |       |     1 |       |     1 ||     2
Armor: Robe              |     7 |     6 |   109 |    95 ||   217
Dodge: Dodged            |    39 |    28 |   172 |   213 ||   452

Table legend: (Time is in decaauts)
 A = Elapsed time spent in this place.
 B = Non-inter-level travel time spent in this place.
 C = Inter-level travel time spent in this place.
 D = Time resting spent in this place.
 E = Time spent auto-exploring this place.
 F = Levels seen in this place.
 G = Mean time per level.
                   A        B        C        D        E       F      G
               +--------+--------+--------+--------+--------+-----+--------+
         Total |  17092 |  15937 |   1155 |   2799 |  11189 |  10 | 1709.2 |
       Dungeon |  17044 |  15903 |   1141 |   2799 |  11155 |   9 | 1893.8 |
        Temple |     47 |     34 |     13 |      0 |     34 |   1 |   47.0 |
               +--------+--------+--------+--------+--------+-----+--------+

Top non-repeatable levels by time:
     D:9: 3668 daAuts
     D:5: 2141 daAuts
     D:8: 2044 daAuts
     D:4: 1802 daAuts
     D:7: 1801 daAuts
     D:6: 1784 daAuts
     D:1: 1597 daAuts
     D:2: 1391 daAuts
     D:3: 813 daAuts
  Temple: 47 daAuts
